 Dungeon Crawl Stone Soup version 0.30-b1-2-g02819fbbbe (webtiles) character file.

Game seed: 5096320986110526257

3534 snakesoul the Thaumaturge (level 10, -10/60 HPs)
             Began as a Djinni Fire Elementalist on June 5, 2023.
             Was a Follower of Ashenzari.
             Shot with a sling bullet by Joseph (18 damage)
             ... on level 8 of the Dungeon.
             The game lasted 00:20:27 (8406 turns).

snakesoul the Thaumaturge (DjFE)                    Turns: 8406, Time: 00:20:28

Health: -10/60     AC:  2    Str:  7    XL:     10   Next: 29%
Gold:   415        EV: 12    Int: 21    God:    Ashenzari [*.....] SH:  0 Dex: 14

rFire   + + .        G - +1 long sword
rCold   x . .        (no shield)
rNeg    . . .        a - +0 robe "Sibylline Mistrust" {Evo, Self} (curse)
rPois   ∞            (no helmet)
rElec   .            x - scarf {+Inv}
rCorr   .            (no gloves)
SInv    +            (boots unavailable)
Will    +....        (no amulet)
Stlth   ++           v - ring "Lashed With Me" {SInv, Self, Evo} (curse)
HPRegen 0.30/turn    (no ring)
MPRegen 0.00/turn

%: infuse magic (-11 HP)
@: flying
A: sickness immunity, fire resistance 2, cold vulnerability 1, float, innate
caster, HP casting, extra vitality 1
a: Renounce Religion, Evoke Invisibility, Curse Item, Shatter the Chains


You were on level 8 of the Dungeon.
You worshipped Ashenzari.
Ashenzari was aware of your devotion.
You visited 2 branches of the dungeon, and saw 9 of its levels.
You also visited: Sewer.

You collected 415 gold pieces.

Inventory:

Hand Weapons
 s - a +2 short sword of protection
 G - a +1 long sword (weapon)
Missiles
 J - a throwing net
Armour
 a - the cursed +0 robe "Sibylline Mistrust" (worn) {Evo, Self}

   It has a curse which improves the following skills: Evocations: Evocations.
   Introspection: Fighting and Spellcasting.
 x - a scarf of invisibility (worn)
 I - +0 acid dragon scales
Jewellery
 v - the cursed ring "Lashed With Me" (left hand) {SInv, Self, Evo}
   (You found it on level 3 of the Dungeon)

   [ring of see invisible]

   SInv:      It lets you see invisible.
   It has a curse which improves the following skills: Introspection: Fighting
   and Spellcasting.
   Evocations: Evocations.
 B - a ring of protection from cold
Wands
 o - a wand of paralysis (28)
 D - a wand of flame (5)
Scrolls
 c - 3 scrolls of poison
 f - 3 scrolls of noise
 g - 2 scrolls of amnesia
 i - a scroll of enchant armour
 j - 9 scrolls of identify
 q - 3 scrolls of immolation
 r - a scroll of fog
 u - 5 scrolls of enchant weapon
 w - 2 scrolls of fear
 y - 3 scrolls of teleportation
 A - a scroll of vulnerability
 C - 5 scrolls of blinking
 H - a scroll of magic mapping
Potions
 b - a potion of cancellation
 d - a potion of magic
 e - 2 potions of flight
 h - 2 potions of resistance
 k - 3 potions of curing
 l - 3 potions of brilliance
 m - 6 potions of heal wounds
 n - 3 potions of might
 p - 3 potions of invisibility
 t - 2 potions of mutation
 z - 2 potions of attraction
 E - a potion of degeneration
 F - a potion of ambrosia


   Skills:
 + Level 0.0(0.1) Fighting
 + Level 2.1 Dodging
 - Level 1.5 Stealth
 + Level 11.2(12.3) Spellcasting


You knew the following spells:

 Your Spells              Type           Power      Damage    Failure   Level
a - Foxfire               Conj/Fire      100%       2x1d9     1%          1
b - Scorch                Fire           100%       2d9       1%          2
c - Volatile Blastmotes   Fire/Tloc      100%       2d18      1%          3
d - Inner Flame           Hex/Fire       60%        N/A       1%          3
e - Flame Wave            Conj/Fire      60%        2d14      1%          4
f - Magic Dart            Conj           100%       1d8       1%          1
g - Poisonous Vapours     Pois/Air       100%       N/A       1%          2
h - Frozen Ramparts       Ice            100%       1d16      1%          3
i - Swiftness             Air            60%        N/A       1%          3
Your spell library was empty.

Dungeon Overview and Level Annotations

Branches:
Dungeon (8/15)             Temple (1/1) D:4           Sewer (visited)
   Lair: D:8-11

Altars:
Ashenzari
Cheibriados
Elyvilon
Fedhas
Gozag
Hepliaklqana
Nemelex Xobeh
Okawaru
Ru
Trog
Xom
Zin
The Shining One

Shops:
D:5 (

Annotations:
D:8 Joseph, Prince Ribbit


Innate Abilities, Weirdness & Mutations

You are immune to sickness and miasma.
You are immune to poison.
Your flesh is very heat resistant. (rF++)
You are vulnerable to cold. (rC-)
You float through the air rather than walking.
You learn spells naturally, not from books.
Your magical power is your life essence.
You have superior vitality. (+4 MHP)


Message History

Confirm with . or Enter, or press ? or * to list all spells.
Aiming: Poisonous Vapours (safe; 1% risk of failure)
Press: ? - help, Dir - move target, f/p - Joseph
Aim: Joseph, wielding a +0 sling and wearing a +2 ring mail of cold resistance (lightly wounded, very poisoned) Poisonous vapours surround Joseph!
Joseph looks as sick as possible!
Prince Ribbit comes into view.
Casting: Poisonous Vapours (safe; 1% risk of failure)
Confirm with . or Enter, or press ? or * to list all spells.
Aiming: Poisonous Vapours (safe; 1% risk of failure)
Press: ? - help, Dir - move target, f - Prince Ribbit, p - Joseph
Aim: Prince Ribbit Poisonous vapours surround Prince Ribbit!
Prince Ribbit is poisoned.
Joseph shoots a sling bullet.
The sling bullet completely misses you.
Ashenzari invites you to partake of a vision and a curse of evocations and cunning.
Casting: Poisonous Vapours (safe; 1% risk of failure)
Confirm with . or Enter, or press ? or * to list all spells.
Aiming: Poisonous Vapours (safe; 1% risk of failure)
Press: ? - help, Dir - move target, f/p - Prince Ribbit
Aim: Prince Ribbit (very poisoned) Poisonous vapours surround Prince Ribbit!
Prince Ribbit looks as sick as possible!
Joseph shoots a sling bullet.
The sling bullet hits you!
You see here 2 potions of curing.
Casting: Poisonous Vapours (safe; 1% risk of failure)
Confirm with . or Enter, or press ? or * to list all spells.
A cloud of volatile blastmotes flares up around you!
Prince Ribbit blinks! x2
Casting: Volatile Blastmotes (safe; 1% risk of failure)
Confirm with . or Enter, or press ? or * to list all spells.
A cloud of volatile blastmotes flares up around you!
Joseph shoots a sling bullet.
The sling bullet hits you!
Casting: Volatile Blastmotes (safe; 1% risk of failure)
Confirm with . or Enter, or press ? or * to list all spells.
A cloud of volatile blastmotes flares up around you!
Prince Ribbit blinks! x2
Joseph shoots a sling bullet.
The sling bullet hits you!
* * * LOW HITPOINT WARNING * * *
Joseph shoots a sling bullet.
The sling bullet hits you!!
You die...

.......# ......# .
......###. #####
........ .. ..#
.....##.# #.#
#+####......# #.#
#........# #.##
#......!#######..##
##.......@§.§.§.@..#
.#.................#
.#..####...F.####..#
....# ##...## ..#
##>.# ##.## ..# #..#
#.# ..# #...# #.#
..# #....# ... ..#
#......


You could see Joseph (very poisoned) and Prince Ribbit (very poisoned).

Vanquished Creatures
  Maggie (D:8)
  A wraith (D:8)
  Menkaure (D:5)
  2 water moccasins
  An orc warrior (D:7)
  2 ice beasts
  3 ogres (D:6)
  A centaur (D:7)
  3 bullfrogs
  3 kobold brigands
  A gnoll sergeant (D:8)
  2 scorpions (D:5)
  7 wights
  9 killer bees (D:7)
  A howler monkey (D:5)
  A jelly (D:6)
  3 orc priests
  A sleepcap (D:4)
  A gnoll bouda (D:6)
  An iguana (D:5)
  Natasha (D:3)
  6 orc wizards
  11 adders
  8 gnolls
  8 river rats (Sewer)
  2 white imps (D:6)
  2 ufetubi
  2 worms
  A dart slug (D:5)
  24 orcs
  8 ball pythons
  6 endoplasms
  A giant cockroach (D:1)
  4 goblins
  2 hobgoblins (D:1)
  A jackal (D:1)
  4 quokkas
  5 bats
  4 frilled lizards
  26 kobolds
  14 rats
185 creatures vanquished.

Vanquished Creatures (others)
  578 foxfires
578 creatures vanquished.

Grand Total: 763 creatures vanquished

Notes
Turn   | Place    | Note
-------+----------+-------------------------------------------
     0 | D:1      | snakesoul the Djinni Fire Elementalist began the quest for
                  | the Orb.
     0 | D:1      | snakesoul set off with the following spells memorised:
                  | Foxfire, Scorch, Volatile Blastmotes, Inner Flame, Flame
                  | Wave.
     0 | D:1      | Reached XP level 1. HP: 15/15 MP: 0/0
   155 | D:1      | Reached XP level 2. HP: 11/21 MP: 0/0
   458 | D:1      | Reached skill level 3 in Spellcasting
   788 | D:2      | Reached XP level 3. HP: 16/25 MP: 0/0
   788 | D:2      | Learned a level 1 spell: Magic Dart
   970 | D:2      | Reached XP level 4. HP: 27/31 MP: 0/0
  1558 | D:3      | Found a glowing drain.
  1562 | Sewer    | Entered a sewer
  1577 | Sewer    | Reached skill level 4 in Spellcasting
  1690 | Sewer    | Reached XP level 5. HP: 28/35 MP: 0/0
  1690 | Sewer    | Learned a level 2 spell: Poisonous Vapours
  2207 | Sewer    | Noticed a kobold brigand
  2218 | Sewer    | Killed a kobold brigand
  2219 | Sewer    | Reached skill level 5 in Spellcasting
  2219 | Sewer    | Reached XP level 6. HP: 22/40 MP: 0/0
  3058 | D:3      | Noticed Natasha
  3062 | D:3      | Killed Natasha
  3469 | D:4      | Reached XP level 7. HP: 41/45 MP: 0/0
  3469 | D:4      | Learned a level 3 spell: Frozen Ramparts
  3519 | D:4      | Found a staircase to the Ecumenical Temple.
  3525 | Temple   | Entered the Ecumenical Temple
  3706 | Temple   | Became a worshipper of Ashenzari the Shackled
  3819 | D:4      | Found a blossoming altar of Fedhas.
  3937 | D:4      | Reached skill level 6 in Spellcasting
  4800 | D:5      | Entered Level 5 of the Dungeon
  5010 | D:5      | Found Yduj Ikle's Weapon Shop.
  5266 | D:5      | Noticed Menkaure
  5273 | D:5      | Killed Menkaure
  5274 | D:5      | Reached XP level 8. HP: 13/50 MP: 0/0
  5408 | D:5      | Found a bloodstained altar of Trog.
  5456 | D:5      | Reached skill level 7 in Spellcasting
  6128 | D:6      | Reached * piety under Ashenzari
  6216 | D:6      | Reached skill level 8 in Spellcasting
  6298 | D:6      | Reached XP level 9. HP: 46/55 MP: 0/0
  6298 | D:6      | Learned a level 3 spell: Swiftness
  6683 | D:7      | Reached skill level 9 in Spellcasting
  7365 | D:7      | Identified the +0 ring mail of Vysyrch {Int-3 Dex+5}
  7519 | D:7      | Reached skill level 10 in Spellcasting
  7618 | D:8      | Noticed Maggie
  7637 | D:8      | Killed Maggie
  7638 | D:8      | Reached XP level 10. HP: 42/60 MP: 0/0
  7996 | D:8      | Reached skill level 11 in Spellcasting
  8390 | D:8      | Noticed Joseph
  8392 | D:8      | Noticed Prince Ribbit
  8406 | D:8      | Shot with a sling bullet by Joseph

Illustrated notes

Levels and vault maps discovered:
D:1:      amcnicky_arrival_flooded_fountain, layout_loops_ring, minmay_domino_2
D:2:      layout_rooms, serial_corexii_hall, corexii_hall_statues_t,
          chequers_hall_statues_y, corexii_hall_statues_deadend,
          chequers_hall_statues_wall_a, st_stairs_4, dk_vineyard_1
D:3:      layout_basic, gup_sewer_entry_bowl, uniq_natasha
D:4:      layout_loops_corners, nicolae_overflow_hidden_temple,
          mainiacjoe_overflow_small_starburst, minmay_temple_entry_hall
D:5:      layout_loops_corners, kennysheep_mini_moat, serial_shops, shop,
          uniq_menkaure
D:6:      layout_cave_pools
D:7:      layout_gridville
D:8:      cheibrodos_barr_body, layout_basic, lemuel_tele_altar, bloody_makhleb,
          uniq_prince_ribbit1, uniq_maggie, uniq_erica, uniq_joseph
Temple:   nicolae_temple_slightly_damp_pantheon

Skill      XL: |  1  2  3  4  5  6  7  8  9 10 |
---------------+-------------------------------+-----
Spellcasting   | 3 4 5 6 8 10 11 | 11.2
Dodging        | |  2.1
Stealth        | |  1.5

Action                     |  1- 3 |  4- 6 |  7- 9 | 10-12 || total
---------------------------+-------+-------+-------+-------++-------
  Melee: Rapier            |     3 |       |       |       ||     3
   Cast: Foxfire           |    43 |   170 |   116 |    17 ||   346
         Scorch            |     3 |    10 |     9 |     1 ||    23
         Volatile Blastmot |       |     5 |    29 |    23 ||    57
         Poisonous Vapours |       |     1 |     2 |     6 ||     9
         Flame Wave        |       |       |     9 |       ||     9
         Frozen Ramparts   |       |       |     4 |       ||     4
 Invoke: Curse Item        |       |       |     2 |       ||     2
    Use: Scroll            |       |     1 |       |       ||     1
   Stab: Sleeping          |     2 |       |       |       ||     2
 Armour: Robe              |     1 |     3 |     4 |     1 ||     9
  Dodge: Dodged            |     4 |     4 |    17 |     3 ||    28
